| TOP OF THE 1ST |
|
St. Louis Cardinals batting - Pitching for San Francisco Giants : RHP Ricky Rodriguez
|
|
Pitching: RHP Ricky Rodriguez
|
|
|
Batting: RHB Tenshou Takita
|
0-0: Ball 1-0: Ball 2-0: Ball 3-0: Base on Balls
|
|
Batting: RHB Klaas Meij
|
0-0: Ball 1-0: Hit by Pitch Tenshou Takita to second
|
|
Batting: LHB Tom Butterbaugh
|
0-0: Ball 1-0: Foul Ball, location: 2F 1-1: Called Strike 1-2: Ball 2-2: Ball 3-2: Foul Ball, location: 2F 3-2: Foul Ball, location: 2F 3-2: SINGLE (Groundball, 34D, EV 101.2 MPH) Tenshou Takita to third Klaas Meij to second Runner from 3rd tries for Home, SAFE, throw by RF to home
|
|
Batting: RHB Jordan Diaz
|
0-0: Ball 1-0: SINGLE (Line Drive, 9LS, EV 105.6 MPH) Klaas Meij to third Tom Butterbaugh to second Runner from 3rd tries for Home, SAFE, throw by RF to home
|
|
Batting: RHB Pavpv Ivanushkin
|
0-0: Called Strike 0-1: Ball 1-1: Ball 2-1: Called Strike 2-2: Ball 3-2: Foul Ball, location: 2F 3-2: Foul Ball, location: 2F 3-2: Base on Balls Tom Butterbaugh to third Jordan Diaz to second
|
|
Batting: RHB Nick Gentzel
|
0-0: Ball 1-0: Ball 2-0: SINGLE (Groundball, 25, EV 70.6 MPH) (infield hit) Tom Butterbaugh scores Jordan Diaz to third Pavpv Ivanushkin to second
|
|
Batting: RHB Melvin Enriquez
|
0-0: Swinging Strike 0-1: Ball 1-1: Called Strike 1-2: Fly out, F4 (Popup, 4M, EV 53.1 MPH)
|
|
Batting: RHB Terry Baginski
|
0-0: SINGLE (Flyball, 78S, EV 82.5 MPH) Jordan Diaz scores Pavpv Ivanushkin to third Nick Gentzel to second
|
|
Batting: RHB Travis Leonard
|
0-0: Ball 1-0: Fly out, F9 (Flyball, 9, EV 97.5 MPH) Runner from 3rd tags up, SCORES, throw by RF Nick Gentzel to third
|
|
Pitching: RHP Tim Welshman
|
|
|
Batting: RHB Tenshou Takita
|
0-0: Called Strike 0-1: Swinging Strike 0-2: Foul Ball, location: 2F 0-2: Foul Ball, location: 2F 0-2: Strikes out swinging
|
| Top of the 1st over - 5 runs, 4 hits, 0 errors, 2 left on base; St. Louis 5 - San Francisco 0 |
| BOTTOM OF THE 1ST |
|
San Francisco Giants batting - Pitching for St. Louis Cardinals : RHP Geoff Mooney
|
|
Pitching: RHP Geoff Mooney
|
|
|
Batting: RHB Nick Rigden
|
0-0: Foul Ball, location: 2F 0-1: Ball 1-1: Ball 2-1: Ball 3-1: Swinging Strike 3-2: Foul Ball, location: 2F 3-2: Base on Balls
|
|
Batting: SHB Ryan Doss
|
0-0: Ball 1-0: Fly out, F6 (Popup, 6D, EV 53.8 MPH)
|
|
Batting: RHB Sean Zielinski
|
0-0: Called Strike 0-1: Ball 1-1: Called Strike Nick Rigden steals 2nd, throwing error, E2 Nick Rigden to third 1-2: Ball 2-2: Ball 3-2: Foul Ball, location: 2F 3-2: Foul Ball, location: 2F 3-2: Ground out 4-3 (Groundball, 4, EV 91.2 MPH) Nick Rigden scores
|
|
Batting: LHB Jack Henningar
|
0-0: Called Strike 0-1: Foul Ball, location: 2F 0-2: Foul Ball, location: 2F 0-2: Foul Ball, location: 2F 0-2: Foul Ball, location: 2F 0-2: Foul Ball, location: 2F 0-2: Foul Ball, location: 2F 0-2: Ball 1-2: Ball 2-2: SINGLE (Flyball, 89S, EV 90.0 MPH)
|
|
Batting: LHB Carey Horncole
|
0-0: Called Strike 0-1: Ball 1-1: Foul Ball, location: 2F 1-2: Ball 2-2: Strikes out looking
|
| Bottom of the 1st over - 1 run, 1 hit, 1 error, 1 left on base; St. Louis 5 - San Francisco 1 |
| TOP OF THE 2ND |
|
St. Louis Cardinals batting - Pitching for San Francisco Giants : RHP Tim Welshman
|
|
Batting: RHB Klaas Meij
|
0-0: Ball 1-0: Ball 2-0: Ball 3-0: Base on Balls
|
|
Batting: LHB Tom Butterbaugh
|
0-0: Swinging Strike 0-1: SINGLE (Groundball, 4MD, EV 96.9 MPH) Klaas Meij to second Runner from 2nd tries for 3rd, SAFE, throw by CF made to third Tom Butterbaugh to second
|
|
Batting: RHB Jordan Diaz
|
0-0: Ball 1-0: Called Strike 1-1: Ball 2-1: Called Strike 2-2: Strikes out swinging
|
|
Batting: RHB Pavpv Ivanushkin
|
0-0: Ball 1-0: Ball 2-0: Ball 3-0: Called Strike 3-1: Base on Balls
|
|
Batting: RHB Nick Gentzel
|
0-0: Called Strike 0-1: Hit by Pitch Klaas Meij scores Tom Butterbaugh to third Pavpv Ivanushkin to second
|
|
Batting: RHB Melvin Enriquez
|
0-0: Called Strike 0-1: Ball 1-1: Fly out, F8 (Flyball, 78D, EV 88.8 MPH) Runner from 3rd tags up, SCORES, throw by CF Pavpv Ivanushkin to third
|
|
Batting: RHB Terry Baginski
|
0-0: Ball 1-0: Ball 2-0: Foul Ball, location: 2F 2-1: Called Strike 2-2: SINGLE (Line Drive, 6MD, EV 111.9 MPH) Pavpv Ivanushkin scores Nick Gentzel to second Runner from 2nd tries for 3rd, SAFE, no throw by CF
|
|
Batting: RHB Travis Leonard
|
0-0: Ground out 4-3 (Groundball, 4, EV 86.2 MPH)
|
| Top of the 2nd over - 3 runs, 2 hits, 0 errors, 2 left on base; St. Louis 8 - San Francisco 1 |
| BOTTOM OF THE 2ND |
|
San Francisco Giants batting - Pitching for St. Louis Cardinals : RHP Geoff Mooney
|
|
Batting: RHB Nate Hodson
|
0-0: Ball 1-0: Called Strike 1-1: Ball 2-1: Ground out 4-3 (Groundball, 4M, EV 81.2 MPH)
|
|
Batting: LHB Tom Best
|
0-0: Called Strike 0-1: Ball 1-1: Fly out, F8 (Line Drive, 8RM, EV 94.4 MPH)
|
|
Batting: LHB John Blair
|
0-0: Ball 1-0: Ball 2-0: Ground out U3 (Groundball, 34, EV 81.2 MPH)
|
| Bottom of the 2nd over - 0 runs, 0 hits, 0 errors, 0 left on base; St. Louis 8 - San Francisco 1 |
| TOP OF THE 3RD |
|
St. Louis Cardinals batting - Pitching for San Francisco Giants : RHP Tim Welshman
|
|
Batting: RHB Tenshou Takita
|
0-0: Fly out, F7 (Line Drive, 7S, EV 94.4 MPH)
|
|
Batting: RHB Klaas Meij
|
0-0: Ball 1-0: Ball 2-0: Ball 3-0: Base on Balls
|
|
Batting: LHB Tom Butterbaugh
|
0-0: Ball 1-0: Foul Ball, location: 2F 1-1: Swinging Strike Klaas Meij steals 2nd base 1-2: Foul Ball, location: 2F 1-2: Strikes out swinging
|
|
Batting: RHB Jordan Diaz
|
0-0: Called Strike 0-1: Called Strike 0-2: Strikes out swinging
|
| Top of the 3rd over - 0 runs, 0 hits, 0 errors, 1 left on base; St. Louis 8 - San Francisco 1 |
| BOTTOM OF THE 3RD |
|
San Francisco Giants batting - Pitching for St. Louis Cardinals : RHP Geoff Mooney
|
|
Batting: RHB John Creel
|
0-0: Fly out, F9 (Line Drive, 9LM, EV 111.9 MPH)
|
|
Batting: RHB Nick Rigden
|
0-0: SINGLE (Line Drive, 6MD, EV 100.6 MPH)
|
|
Batting: SHB Ryan Doss
|
0-0: Swinging Strike 0-1: Fly out, F9 (Flyball, 89S, EV 75.0 MPH)
|
|
Batting: RHB Sean Zielinski
|
0-0: Ball 1-0: Ball 2-0: Called Strike Nick Rigden steals 2nd base 2-1: Called Strike 2-2: Ball 3-2: Base on Balls
|
|
Batting: LHB Jack Henningar
|
0-0: Swinging Strike 0-1: Called Strike 0-2: Strikes out swinging
|
| Bottom of the 3rd over - 0 runs, 1 hit, 0 errors, 2 left on base; St. Louis 8 - San Francisco 1 |
| TOP OF THE 4TH |
|
St. Louis Cardinals batting - Pitching for San Francisco Giants : RHP Tim Welshman
|
|
Pitching: LHP Tyler Stancil
|
|
|
Batting: RHB Pavpv Ivanushkin
|
0-0: Called Strike 0-1: Called Strike 0-2: Ball 1-2: Strikes out looking
|
|
Batting: RHB Nick Gentzel
|
0-0: Foul Ball, location: 2F 0-1: Ball 1-1: Ball 2-1: Ball 3-1: Base on Balls
|
|
Batting: RHB Melvin Enriquez
|
0-0: Fly out, F7 (Line Drive, 78M, EV 98.1 MPH)
|
|
Batting: RHB Terry Baginski
|
0-0: Ball 1-0: Foul Ball, location: 2F 1-1: Called Strike 1-2: Ball 2-2: Foul Ball, location: 2F 2-2: Strikes out swinging
|
| Top of the 4th over - 0 runs, 0 hits, 0 errors, 1 left on base; St. Louis 8 - San Francisco 1 |
| BOTTOM OF THE 4TH |
|
San Francisco Giants batting - Pitching for St. Louis Cardinals : RHP Geoff Mooney
|
|
Batting: LHB Carey Horncole
|
0-0: Foul Ball, location: 2F 0-1: Ball 1-1: Ball 2-1: Ball 3-1: Swinging Strike 3-2: Foul Ball, location: 2F 3-2: Foul Ball, location: 2F 3-2: Base on Balls
|
|
Batting: RHB Nate Hodson
|
0-0: Fly out, F9 (Flyball, 89M, EV 90.0 MPH)
|
|
Batting: LHB Tom Best
|
0-0: Called Strike 0-1: Ball 1-1: Grounds into double play, 4-6-3 (Groundball, 34, EV 100.0 MPH)
|
| Bottom of the 4th over - 0 runs, 0 hits, 0 errors, 0 left on base; St. Louis 8 - San Francisco 1 |
| TOP OF THE 5TH |
|
St. Louis Cardinals batting - Pitching for San Francisco Giants : LHP Tyler Stancil
|
|
Batting: RHB Travis Leonard
|
0-0: Ground out 4-3 (Groundball, 34, EV 82.5 MPH)
|
|
Batting: RHB Tenshou Takita
|
0-0: Called Strike 0-1: SINGLE (Flyball, 8RS, EV 95.6 MPH)
|
|
Batting: RHB Klaas Meij
|
0-0: Ball 1-0: Called Strike 1-1: Called Strike 1-2: Ball 2-2: Ball 3-2: Strikes out swinging
|
|
Batting: LHB Tom Butterbaugh
|
0-0: Called Strike 0-1: Swinging Strike 0-2: Ball Wild Pitch! Tenshou Takita to second 1-2: Foul Ball, location: 2F 1-2: Foul Ball, location: 2F 1-2: Strikes out swinging
|
| Top of the 5th over - 0 runs, 1 hit, 0 errors, 1 left on base; St. Louis 8 - San Francisco 1 |
| BOTTOM OF THE 5TH |
|
San Francisco Giants batting - Pitching for St. Louis Cardinals : RHP Geoff Mooney
|
|
Batting: LHB John Blair
|
0-0: Swinging Strike 0-1: Foul Ball, location: 2F 0-2: Ball 1-2: Foul Ball, location: 2F 1-2: Ball 2-2: Fly out, F9 (Flyball, 89M, EV 76.2 MPH)
|
|
Batting: RHB John Creel
|
0-0: Ground out 3-1 (Groundball, 34, EV 103.1 MPH)
|
|
Batting: RHB Nick Rigden
|
0-0: Ball 1-0: DOUBLE (Flyball, 89XD, EV 100.0 MPH)
|
|
Batting: SHB Ryan Doss
|
0-0: Ball 1-0: Ball 2-0: Swinging Strike 2-1: Ball 3-1: Base on Balls
|
|
Batting: RHB Sean Zielinski
|
0-0: Ball 1-0: Called Strike 1-1: Ball 2-1: Ball 3-1: 3-RUN HOME RUN (Flyball, 78XD, EV 108.8 MPH), Distance : 416 ft
|
|
Batting: LHB Jack Henningar
|
0-0: Ball 1-0: Ball 2-0: Ball 3-0: Called Strike 3-1: Base on Balls
|
|
Batting: LHB Carey Horncole
|
0-0: Ball 1-0: Ground out 4-3 (Groundball, 34, EV 85.0 MPH)
|
| Bottom of the 5th over - 3 runs, 2 hits, 0 errors, 1 left on base; St. Louis 8 - San Francisco 4 |
| TOP OF THE 6TH |
|
St. Louis Cardinals batting - Pitching for San Francisco Giants : LHP Tyler Stancil
|
|
Batting: RHB Jordan Diaz
|
0-0: Foul Ball, location: 2F 0-1: Ball 1-1: SINGLE (Groundball, 6MS, EV 82.5 MPH) (infield hit)
|
|
Pitching: RHP Tim Rymut
|
|
|
Batting: RHB Pavpv Ivanushkin
|
0-0: Ball Wild Pitch! Jordan Diaz to second 1-0: Ground out U3 (Groundball, 34, EV 83.8 MPH) Jordan Diaz to third
|
|
Batting: RHB Nick Gentzel
|
0-0: Called Strike 0-1: Foul Ball, location: 2F 0-2: Foul Ball, location: 2F 0-2: Strikes out looking
|
|
Batting: RHB Melvin Enriquez
|
0-0: Ball 1-0: Hit by Pitch
|
|
Batting: RHB Terry Baginski
|
0-0: Ball 1-0: DOUBLE (Line Drive, 9LS, EV 98.1 MPH) Jordan Diaz scores Melvin Enriquez to third Runner from 3rd tries for Home, SAFE, no throw by RF
|
|
Batting: RHB Travis Leonard
|
0-0: Called Strike 0-1: Ball 1-1: Ground out 5-3 (Groundball, 56S, EV 90.6 MPH)
|
| Top of the 6th over - 2 runs, 2 hits, 0 errors, 1 left on base; St. Louis 10 - San Francisco 4 |
| BOTTOM OF THE 6TH |
|
San Francisco Giants batting - Pitching for St. Louis Cardinals : RHP Geoff Mooney
|
|
Batting: RHB Nate Hodson
|
0-0: Called Strike 0-1: Ball 1-1: SINGLE (Line Drive, 6MD, EV 98.1 MPH)
|
|
Batting: LHB Tom Best
|
0-0: Called Strike 0-1: Called Strike 0-2: Ball 1-2: Strikes out looking
|
|
Pitching: RHP Luis Herrera
|
|
|
Batting: LHB John Blair
|
0-0: Fly out, F4 (Popup, 4S, EV 78.8 MPH)
|
|
Batting: RHB John Creel
|
0-0: SINGLE (Groundball, 56S, EV 72.5 MPH) (infield hit) Nate Hodson to second
|
|
Batting: RHB Nick Rigden
|
0-0: Ball 1-0: Ball 2-0: Ball 3-0: Base on Balls Nate Hodson to third John Creel to second
|
|
Batting: SHB Ryan Doss
|
0-0: Ground out 4-3 (Groundball, 4, EV 106.9 MPH)
|
| Bottom of the 6th over - 0 runs, 2 hits, 0 errors, 3 left on base; St. Louis 10 - San Francisco 4 |
| TOP OF THE 7TH |
|
St. Louis Cardinals batting - Pitching for San Francisco Giants : RHP Tim Rymut
|
|
Batting: RHB Tenshou Takita
|
0-0: Called Strike 0-1: Fly out, F9 (Flyball, 9LSF, EV 97.5 MPH)
|
|
Batting: RHB Klaas Meij
|
0-0: Fly out, F6 (Popup, P, EV 71.2 MPH)
|
|
Batting: LHB Tom Butterbaugh
|
0-0: Called Strike 0-1: Ball 1-1: Called Strike 1-2: Foul Ball, location: 2F 1-2: Strikes out swinging
|
| Top of the 7th over - 0 runs, 0 hits, 0 errors, 0 left on base; St. Louis 10 - San Francisco 4 |
| BOTTOM OF THE 7TH |
|
San Francisco Giants batting - Pitching for St. Louis Cardinals : RHP Luis Herrera
|
|
Batting: RHB Sean Zielinski
|
0-0: Ball 1-0: Ball 2-0: Ball 3-0: Called Strike 3-1: Base on Balls
|
|
Batting: LHB Jack Henningar
|
0-0: Hit by Pitch Sean Zielinski to second
|
|
Batting: LHB Carey Horncole
|
0-0: Ball 1-0: Ball 2-0: Foul Ball, location: 2F 2-1: Fly out, F3 (Popup, 3S, EV 69.4 MPH)
|
|
Batting: RHB Nate Hodson
|
0-0: Called Strike 0-1: Grounds into double play, 6-4-3 (Groundball, 6, EV 77.5 MPH)
|
| Bottom of the 7th over - 0 runs, 0 hits, 0 errors, 1 left on base; St. Louis 10 - San Francisco 4 |
| TOP OF THE 8TH |
|
St. Louis Cardinals batting - Pitching for San Francisco Giants : RHP Tim Rymut
|
|
Batting: RHB Jordan Diaz
|
0-0: Called Strike 0-1: Ball 1-1: Called Strike 1-2: Foul Ball, location: 2F 1-2: Strikes out swinging
|
|
Batting: RHB Pavpv Ivanushkin
|
0-0: Called Strike 0-1: Ground out 6-3 (Groundball, 6S, EV 86.9 MPH)
|
|
Batting: RHB Nick Gentzel
|
0-0: Ball 1-0: Called Strike 1-1: Ball 2-1: Ground out 4-3 (Groundball, 4, EV 110.0 MPH)
|
| Top of the 8th over - 0 runs, 0 hits, 0 errors, 0 left on base; St. Louis 10 - San Francisco 4 |
| BOTTOM OF THE 8TH |
|
San Francisco Giants batting - Pitching for St. Louis Cardinals : RHP Luis Herrera
|
|
Batting: LHB Tom Best
|
0-0: Ball 1-0: Swinging Strike 1-1: SOLO HOME RUN (Flyball, 7D, EV 95.6 MPH), Distance : 374 ft
|
|
Batting: LHB John Blair
|
0-0: Foul Ball, location: 2F 0-1: Ground out 4-3 (Groundball, 4, EV 105.6 MPH)
|
|
Batting: RHB John Creel
|
0-0: Ball 1-0: Foul Ball, location: 2F 1-1: Foul Ball, location: 2F 1-2: SINGLE (Groundball, 34D, EV 109.4 MPH)
|
|
Batting: RHB Nick Rigden
|
0-0: Foul Ball, location: 2F 0-1: Fly out, F7 (Line Drive, 7S, EV 110.0 MPH)
|
|
Batting: SHB Ryan Doss
|
0-0: DOUBLE (Line Drive, 89XD, EV 100.0 MPH) John Creel to third
|
|
Batting: RHB Sean Zielinski
|
0-0: Ball 1-0: Fly out, F7 (Flyball, 7D, EV 103.1 MPH)
|
| Bottom of the 8th over - 1 run, 3 hits, 0 errors, 2 left on base; St. Louis 10 - San Francisco 5 |
| TOP OF THE 9TH |
|
St. Louis Cardinals batting - Pitching for San Francisco Giants : RHP Tim Rymut
|
|
Pitching: RHP Andrew Kindig
|
|
|
Batting: RHB Melvin Enriquez
|
0-0: Called Strike 0-1: Called Strike 0-2: Ball 1-2: SINGLE (Flyball, 4MD, EV 86.9 MPH)
|
|
Batting: RHB Terry Baginski
|
0-0: Swinging Strike 0-1: Ball 1-1: Ball 2-1: SINGLE (Groundball, 6MD, EV 101.9 MPH) Melvin Enriquez to second Runner from 2nd tries for 3rd, SAFE, throw by CF made to third
|
|
Batting: RHB Travis Leonard
|
0-0: Swinging Strike 0-1: Called Strike 0-2: Ball 1-2: Strikes out looking
|
|
Batting: RHB Tenshou Takita
|
0-0: Called Strike 0-1: Swinging Strike 0-2: Ball 1-2: Foul Ball, location: 2F 1-2: Strikes out looking
|
|
Batting: RHB Klaas Meij
|
0-0: Ball Wild Pitch! Melvin Enriquez scores Terry Baginski to second 1-0: Foul Ball, location: 2F 1-1: Fly out, F8 (Flyball, 8RM, EV 85.6 MPH)
|
| Top of the 9th over - 1 run, 2 hits, 0 errors, 1 left on base; St. Louis 11 - San Francisco 5 |
| BOTTOM OF THE 9TH |
|
San Francisco Giants batting - Pitching for St. Louis Cardinals : RHP Luis Herrera
|
|
Batting: LHB Jack Henningar
|
0-0: Ball 1-0: Ball 2-0: SINGLE (Groundball, P, EV 85.0 MPH) (infield hit)
|
|
Batting: LHB Carey Horncole
|
0-0: Ball 1-0: SINGLE (Groundball, 56D, EV 100.6 MPH) Jack Henningar to second
|
|
Pitching: LHP Brad Jonas
|
|
|
Batting: RHB Nate Hodson
|
0-0: Ball 1-0: Ball 2-0: Ball 3-0: Base on Balls Jack Henningar to third Carey Horncole to second
|
|
Pinch Hitting: RHB Henri Cederberg
|
0-0: SINGLE (Groundball, 15S, EV 72.5 MPH) (infield hit) Jack Henningar scores Carey Horncole to third Nate Hodson to second
|
|
Pinch Hitting: RHB Tyler Mapes
|
0-0: Grounds into double play, 6-4-3 (Groundball, 6, EV 89.4 MPH) Carey Horncole scores Nate Hodson to third
|
|
Batting: RHB John Creel
|
0-0: SINGLE (Flyball, 8RS, EV 90.0 MPH) Nate Hodson scores
|
|
Pitching: RHP Danny Romero
|
|
|
Batting: RHB Nick Rigden
|
0-0: Called Strike 0-1: Fly out, F7 (Line Drive, 7LS, EV 98.8 MPH)
|
| Bottom of the 9th over - 3 runs, 4 hits, 0 errors, 1 left on base; St. Louis 11 - San Francisco 8 |
|